 Dungeon Crawl Stone Soup version 0.29.0-4-gdea44cf6ec (webtiles) character file.

Game seed: 2557031768996115042

39 qw the Chopper (level 3, 0/21 HPs)
             Began as a Tengu Warper on Aug 28, 2022.
             Succumbed to their own poison gas
             ... on level 2 of the Dungeon.
             The game lasted 00:00:08 (1827 turns).

qw the Chopper (Tengu Warper)                       Turns: 1827, Time: 00:00:08

Health: 0/21       AC:  8    Str: 13    XL:     3   Next: 47%
Magic:  7/7        EV:  6    Int: 13    God:
Gold:   81         SH:  0    Dex: 13    Spells: 6/6 levels left

rFire   . . .      SeeInvis .   Y - +0 hand axe
rCold   . . .      Faith    .   (no shield)
rNeg    . . .      Spirit   .   g - +0 chain mail
rPois   .          Reflect  .   (helmet restricted)
rElec   .          Harm     .   (no cloak)
rCorr   .          Rampage  .   (no gloves)
Will    .....                   (boots unavailable)
Stlth   ..........              (no amulet)
HPRegen 0.07/turn               (no ring)
MPRegen 0.10/turn               (no ring)

@: lethally poisoned (0 -> -2)
A: beak, talons 3
a: no special abilities


You were on level 2 of the Dungeon.
You visited 1 branch of the dungeon, and saw 2 of its levels.

You collected 81 gold pieces.


Innate Abilities, Weirdness & Mutations

You have a beak for a mouth.
You have claws for feet.


   Skills:
 - Level 2.0 Fighting
 + Level 4.2 Axes
 - Level 1.0 Throwing
 - Level 1.1 Armour
 - Level 2.1 Dodging
 - Level 2.0 Spellcasting
 - Level 2.4 Translocations


You had 6 spell levels left.
You didn't know any spells.
Your spell library contained the following spells:

 Spells                   Type           Power      Damage    Failure   Level
 Blink                    Tloc           14%        N/A       99%         2
 Gell's Gravitas          Tloc           7%         N/A       100%        3
 Lesser Beckoning         Tloc           7%         N/A       100%        3
 Teleport Other           Tloc           7%         N/A       100%        3
 Manifold Assault         Tloc           7%         N/A       100%        5

Inventory:

Hand Weapons
 e - a +0 club
 Y - a +0 hand axe (weapon)
Armour
 g - a +0 chain mail (worn)
Scrolls
 b - a scroll of identify
Potions
 c - a potion of haste {unknown}
 d - a potion of curing {unknown}
 l - a potion of cancellation {unknown}

Dungeon Overview and Level Annotations

Branches:
Dungeon (2/15)

Altars:


Message History

Enter note: A dart slug comes into view.
You hit the dart slug.
The dart slug is heavily wounded.
You completely miss the dart slug.
You peck the dart slug, but do no damage.
The dart slug is heavily wounded.
The dart slug bites you but does no damage.
You hit the dart slug.
You kill the dart slug!
Done exploring.
Done exploring.
1819 ||| READING scroll labelled MUSYJ HAYPUV.
The air fills with toxic fumes!
As you read the scroll labelled MUSYJ HAYPUV, it crumbles to dust.
It was a scroll of poison.
Done exploring.
(D) Dungeon
Where to? (* - list waypoints, Enter - D:2, ? - help)
What level of the Dungeon? (default 1, ? - help) Sorry, I don't know how to get there.
Done exploring.
1820 ||| Stepping randomly (stuck).
Really walk into that cloud of poison gas?
You are engulfed in poison gas.
You are poisoned.
You feel very sick.
1821 ||| Stepping ~*~*~tactically~*~*~ (cloud).
You feel very sick.
There is a lethal amount of poison in your body!
You feel sick.
There is a lethal amount of poison in your body!
You feel sick.
There is a lethal amount of poison in your body!
You feel sick.
There is a lethal amount of poison in your body!
You feel sick.
There is a lethal amount of poison in your body!
You feel sick.
There is a lethal amount of poison in your body!
You die...

#.## ##.## #####..## ##.###..
.#.## ####.####0..^...###.###...
###.# #.......#¤###.#.......)...
.#.## #.##.##.#0# #.#.#.####.##.
#.## #.##.##.#0# #.#.#.## #.##.
### #.##.##.#¤# #......# #.##. #
#.##.##.#¤# ###.#..# #.##+ ##
#.......#0#####¤#..# #.#.. .##
####.####@0000¤0¤..###.... ..##
##.##.##########¤0.........
...####.......#######...#.##.....
...'.......................'.....
...####...#.#.######......##....|
..## #.....#.# #......###.... .##
#.#.###.# #......# ##... ## #.#.#
#.# #.....######.. # #.#.###.#
#.....##......


There were no monsters in sight!

Vanquished Creatures
  An adder (D:2)
  A worm (D:2)
  A dart slug (D:2)
  A ball python (D:1)
  2 bats (D:2)
  3 endoplasms
  2 giant cockroaches (D:2)
  4 goblins
  2 quokkas
  3 frilled lizards
  3 kobolds
23 creatures vanquished.

Notes
Turn   | Place    | Note
-------+----------+-------------------------------------------
     0 | D:1      | qw the Tengu Warper began the quest for the Orb.
     0 | D:1      | Reached XP level 1. HP: 12/12 MP: 4/4
     0 | D:1      | 0 ||| qw: Version: 0.1-a-89-g26bdef1
     0 | D:1      | 0 ||| qw: Game counter: 530
     0 | D:1      | 0 ||| qw: Always use a shield: true
     0 | D:1      | 0 ||| qw: God list: Okawaru
     0 | D:1      | 0 ||| qw: Allow faded altars: false
     0 | D:1      | 0 ||| qw: Do Orc after D:15 true
     0 | D:1      | 0 ||| qw: Do second Lair branch before Depths: true
     0 | D:1      | 0 ||| qw: Lair rune preference: random
     0 | D:1      | 0 ||| qw: Plans: Normal
     0 | D:1      | 0 ||| PLANNING D:1-11
   266 | D:1      | Reached XP level 2. HP: 17/17 MP: 6/6
   349 | D:1      | Found a faded altar of an unknown god.
   447 | D:1      | Reached skill level 3 in Axes
   664 | D:1      | 664 ||| UPGRADING to +0 chain mail.
   674 | D:1      | 674 ||| DROPPING +0 leather armour.
   675 | D:1      | 675 ||| DROPPING amulet of magic regeneration.
   676 | D:1      | 676 ||| READING scroll labelled JIOKHECZESH.
   677 | D:1      | 677 ||| READING scroll labelled ECZUCK SODUUFEIPS.
   678 | D:1      | 678 ||| READING scroll labelled PAGGO DIRARGH.
   679 | D:1      | 679 ||| READING scroll labelled GEXISIVUAWK.
   680 | D:1      | 680 ||| READING scroll labelled JAZ DASMAUPHA.
   685 | D:1      | 685 ||| DROPPING scroll of blinking.
  1407 | D:2      | Reached XP level 3. HP: 21/21 MP: 7/7
  1580 | D:2      | Reached skill level 4 in Axes
  1819 | D:2      | 1819 ||| READING scroll labelled MUSYJ HAYPUV.
  1820 | D:2      | 1820 ||| Stepping randomly (stuck).
  1821 | D:2      | 1821 ||| Stepping ~*~*~tactically~*~*~ (cloud).
  1823 | D:2      | HP: 4/21 [poisoned by you (poison gas)]
  1826 | D:2      | HP: 1/21 [poisoned by you (poison gas)]
  1827 | D:2      | Succumbed to their own poison gas

Levels and vault maps discovered:
D:1:      tarquinn_simple_flora_water_d, layout_basic,
          hellmonk_ecumenical_altar_arch_garden
D:2:      layout_loops_corners, minmay_misc_feat_enclosed

Skill      XL: |  1  2  3 |
---------------+----------+-----
Axes           | 3 4 |  4.2
Fighting       | |  2.0
Throwing       | |  1.0
Armour         | |  1.1
Dodging        | |  2.1
Spellcasting   | |  2.0
Translocations | |  2.4

Action                   || total
-------------------------++-------
Melee: Hand axe          ||    55
       Kick              ||    13
       Peck              ||     5
Throw: Boomerang         ||     7
  Use: Scroll            ||     6
Armor: Leather armour    ||     2
       Chain mail        ||    20
Dodge: Dodged            ||     7

Table legend:
 A = Non-vault XP
 B = Vault XP
 C = Vault XP percentage of total XP
 D = Non-vault monster count
 E = Vault monster count
 F = Vault count percentage of total count
                 A         B        C        D         E       F
            +---------+---------+-------+---------+---------+-------
      Total |      57 |       0 |   0.0 |      23 |       0 |   0.0
            +---------+---------+-------+---------+---------+-------
        D:1 |      15 |       0 |   0.0 |       9 |       0 |   0.0
        D:2 |      42 |       0 |   0.0 |      14 |       0 |   0.0
            +---------+---------+-------+---------+---------+-------
